[Event "Titled Tuesday Blitz June 13 Early 2023"]
[White "Ronka, Erik"]
[Black "Makhnev, Denis"]
[WhiteFideId "505080"]
[BlackFideId "13707647"]
[WhiteElo "2264"]
[BlackElo "2515"]
[Result "0-1"]
[Round "5"]
[TimeControl "180+2"]
[Date "2023.06.13"]
[WhiteClock "0:00:03"]
[BlackClock "0:00:04"]
[Board "93"]

1. d4 d5 2. Nc3 Nf6 3. Bf4 Bf5 4. f3 e6 5. Qd2 Bd6 6. g4 Bg6 7. h4 h5 8. g5 Nfd7 9. O-O-O O-O 10. Nh3 Nc6 11. Bxd6 cxd6 12. Nf4 Nb6 13. e4 dxe4 14. fxe4 e5 15. Nxg6 fxg6 16. dxe5 dxe5 17. Nd5 Rc8 18. Kb1 Nd4 19. c3 Nxd5 20. exd5 Nf5 21. Bh3 Qd6 22. Rhe1 Rc4 23. Bf1 Rxh4 24. Qf2 b6 25. Bd3 Rf4 26. Qc2 Kh7 27. c4 Nd4 28. Qh2 Kg8 29. a3 Nf3 30. Qe2 Nxe1 31. Qxe1 e4 32. Bc2 Re8 33. Qc3 e3 34. b4 e2 35. Re1 Rf1 36. c5 bxc5 37. bxc5 Rxe1+ 38. Qxe1 Qxc5 39. Kc1 Qe3+ 40. Kb2 Rb8+ 41. Ka1 Qd4+ 42. Ka2 Qb2# 0-1


[Site "https://www.chess.com"]

[Event "Titled Tuesday Blitz June 13 Early 2023"]
[White "Turzo, Attila"]
[Black "Mohammad Fahad, Rahman"]
[WhiteFideId "704954"]
[BlackFideId "10207791"]
[WhiteElo "2487"]
[BlackElo "2339"]
[Result "1-0"]
[Round "5"]
[TimeControl "180+2"]
[Date "2023.06.13"]
[WhiteClock "0:01:31"]
[BlackClock "0:00:57"]
[Board "94"]

1. d4 d5 2. c4 c6 3. Nc3 Nf6 4. e3 e6 5. Nf3 Nbd7 6. Be2 Bd6 7. O-O dxc4 8. a4 O-O 9. Nd2 e5 10. Nxc4 Bc7 11. d5 cxd5 12. Nxd5 Nxd5 13. Qxd5 Nb6 14. Nxb6 axb6 15. Bf3 Qxd5 16. Bxd5 Rd8 17. e4 b5 18. Bg5 Rxd5 19. exd5 bxa4 20. Be7 Bb6 21. b3 Bd7 22. bxa4 Bd4 23. Ra2 f6 24. Rb1 b6 25. Bd6 Bxa4 26. Bc7 Ra6 27. d6 Kf7 28. Rxa4 Rxa4 29. d7 1-0


[Site "https://www.chess.com"]

[Event "Titled Tuesday Blitz June 13 Early 2023"]
[White "Souleidis, Georgios"]
[Black "Hristodoulou, Panagiotis"]
[WhiteFideId "4206827"]
[BlackFideId "4214340"]
[WhiteElo "2401"]
[BlackElo "2272"]
[Result "1-0"]
[Round "5"]
[TimeControl "180+2"]
[Date "2023.06.13"]
[WhiteClock "0:00:55"]
[BlackClock "0:00:06"]
[Board "95"]

1. e4 e5 2. Nc3 Nf6 3. d4 exd4 4. Qxd4 Nc6 5. Qd3 d6 6. Bg5 Be7 7. O-O-O Be6 8. Kb1 Qd7 9. f4 Bg4 10. Nf3 O-O-O 11. h3 Bxf3 12. Qxf3 h6 13. Bxf6 Bxf6 14. Bb5 a6 15. Ba4 Kb8 16. e5 Be7 17. Nd5 b5 18. Nxe7 Nxe7 19. Bb3 Nc6 20. exd6 cxd6 21. Bxf7 Rhf8 22. Bd5 Ne7 23. Rhe1 Nxd5 24. Rxd5 Rde8 25. Red1 Rf6 26. g4 Qc6 27. Qd3 Kc7 28. f5 Re7 29. b3 Rd7 1-0


[Site "https://www.chess.com"]

[Event "Titled Tuesday Blitz June 13 Early 2023"]
[White "Radzhabov, Rodion"]
[Black "Kovalevsky, Stanislav"]
[WhiteFideId "884715"]
[BlackFideId "13508598"]
[WhiteElo "2174"]
[BlackElo "2112"]
[Result "0-1"]
[Round "5"]
[TimeControl "180+2"]
[Date "2023.06.13"]
[WhiteClock "0:00:00"]
[BlackClock "0:00:57"]
[Board "96"]

1. e4 e6 2. Nc3 d5 3. Qe2 d4 4. Nd1 c5 5. g3 Nc6 6. d3 Nf6 7. f4 h5 8. Nf3 Be7 9. Bg2 Nd7 10. e5 h4 11. Nf2 Nb6 12. O-O Nd5 13. Ne4 b6 14. c4 dxc3 15. bxc3 Bb7 16. c4 Ndb4 17. Rd1 hxg3 18. hxg3 Qd7 19. a3 Na6 20. Bb2 O-O-O 21. Neg5 Bxg5 22. fxg5 Nd4 23. Nxd4 cxd4 24. Bxb7+ Qxb7 25. Qg2 Nc5 26. Qxb7+ Kxb7 27. Kg2 Rh5 28. g6 fxg6 29. Bc1 Rxe5 30. Bf4 Re2+ 31. Kf3 Rb2 32. Be5 Rb3 33. Kg4 Nxd3 34. Bxg7 Nf2+ 35. Kh4 Nxd1 36. Rxd1 Rxa3 37. g4 d3 0-1


[Site "https://www.chess.com"]

[Event "Titled Tuesday Blitz June 13 Early 2023"]
[White "MaryanKyrychenko"]
[Black "Khamdamova, Afruza"]
[BlackFideId "14210444"]
[WhiteElo "2628"]
[BlackElo "2312"]
[Result "0-1"]
[Round "5"]
[TimeControl "180+2"]
[Date "2023.06.13"]
[WhiteClock "0:00:01"]
[BlackClock "0:00:06"]
[Board "97"]

1. e4 e5 2. Nf3 Nc6 3. d4 exd4 4. Nxd4 Nf6 5. Nxc6 bxc6 6. e5 Qe7 7. Qe2 Nd5 8. c4 Ba6 9. b3 Nb6 10. Bb2 Qe6 11. Qe3 Bb4+ 12. Nd2 O-O 13. Bd3 d6 14. O-O dxe5 15. Ne4 Be7 16. Nc5 Bxc5 17. Qxc5 Rad8 18. Be4 Bb7 19. Rfe1 Rfe8 20. f4 Qd6 21. Qa5 Qh6 22. Bxe5 Re7 23. Qxa7 Ba8 24. Bxc7 Nc8 25. Qxa8 Rxc7 26. Qa5 Rcd7 27. Bxc6 Qxc6 28. Re2 h6 29. Rae1 Nd6 30. h3 Kh7 31. a4 Ra8 32. Qc3 Nf5 33. b4 Nd4 34. Re4 Qf6 35. Kh2 Rxa4 36. c5 Ra2 37. Rd1 Qg6 38. Qg3 Qxg3+ 39. Kxg3 Nf5+ 40. Kh2 Rxd1 41. c6 Rc1 0-1


[Site "https://www.chess.com"]

[Event "Titled Tuesday Blitz June 13 Early 2023"]
[White "Baches Garcia, Guillermo"]
[Black "Vlassov, Nikolai"]
[WhiteFideId "2209764"]
[BlackFideId "4103360"]
[WhiteElo "2471"]
[BlackElo "2324"]
[Result "0-1"]
[Round "5"]
[TimeControl "180+2"]
[Date "2023.06.13"]
[WhiteClock "0:00:00"]
[BlackClock "0:00:27"]
[Board "98"]

1. e4 Nc6 2. Nf3 d5 3. exd5 Qxd5 4. Nc3 Qa5 5. d4 Bg4 6. Bb5 O-O-O 7. Bxc6 bxc6 8. h3 Qh5 9. O-O Bxf3 10. Qxf3 Qxf3 11. gxf3 e6 12. Be3 Ne7 13. Rfd1 Nf5 14. Kf1 Be7 15. Ne4 Rd7 16. Ke2 Rhd8 17. c3 Kb7 18. b4 Ka8 19. a4 Rb8 20. a5 Rdd8 21. Nd2 Bf6 22. Nc4 Nd6 23. Kd3 Nxc4 24. Kxc4 Rb5 25. a6 Rh5 26. Bf4 Kb8 27. Ra5 Rdd5 28. Rb1 Rxh3 29. b5 Kc8 30. Ra2 cxb5+ 31. Rxb5 Rxb5 32. Kxb5 Rxf3 33. Be3 Kd7 34. c4 Be7 35. Rb2 f5 36. c5 f4 37. c6+ Kd6 38. Bd2 Kd5 39. Bb4 Bxb4 40. Rxb4 Rxf2 41. Ka5 Ra2+ 0-1


[Site "https://www.chess.com"]

[Event "Titled Tuesday Blitz June 13 Early 2023"]
[White "Jovic, Stanoje"]
[Black "Belov, Alexei"]
[WhiteFideId "905020"]
[BlackFideId "4128206"]
[WhiteElo "2236"]
[BlackElo "2623"]
[Result "1-0"]
[Round "5"]
[TimeControl "180+2"]
[Date "2023.06.13"]
[WhiteClock "0:00:35"]
[BlackClock "0:00:05"]
[Board "99"]

1. c4 e6 2. g3 d5 3. Bg2 Nf6 4. Nf3 Be7 5. O-O O-O 6. b3 c5 7. cxd5 Nxd5 8. Bb2 Nc6 9. d3 b6 10. Nbd2 Bb7 11. Rc1 Bf6 12. Qc2 Rc8 13. a3 Qe7 14. Ne4 Bxb2 15. Qxb2 e5 16. e3 Rfd8 17. Bh3 Rc7 18. Rc2 g6 19. Rfc1 f5 20. Nc3 Rcd7 21. Nxd5 Rxd5 22. b4 Rxd3 23. bxc5 Rd1+ 24. Bf1 Rxc1 25. Qxc1 Na5 26. c6 Nxc6 27. Rxc6 Qe8 28. Bc4+ Kh8 29. Re6 Qd7 30. Ne1 Rc8 31. Qb2 Rxc4 32. Qxe5+ Kg8 33. Re7 Qxe7 34. Qxe7 Be4 35. Qe6+ 1-0


[Site "https://www.chess.com"]

[Event "Titled Tuesday Blitz June 13 Early 2023"]
[White "Altman, Joshua"]
[Black "Vyatkin, Dmitry"]
[WhiteFideId "426210"]
[BlackFideId "4171900"]
[WhiteElo "2028"]
[BlackElo "2279"]
[Result "1-0"]
[Round "5"]
[TimeControl "180+2"]
[Date "2023.06.13"]
[WhiteClock "0:01:06"]
[BlackClock "0:01:06"]
[Board "100"]

1. d4 Nf6 2. c4 g6 3. Nc3 Bg7 4. Nf3 O-O 5. Bg5 d6 6. e3 Nbd7 7. Be2 c6 8. Qc2 e5 9. O-O Qe7 10. Rfd1 h6 11. Bh4 Re8 12. dxe5 dxe5 13. Nd2 Nf8 14. Nde4 Bf5 15. Bd3 Bxe4 16. Nxe4 N8h7 17. c5 g5 18. Bg3 Nxe4 19. Bxe4 Nf6 20. Bf5 Nh5 21. Rd7 Qf6 22. Rad1 Nxg3 23. hxg3 e4 24. Bxe4 Qxb2 25. Bh7+ Kh8 26. Qxb2 Bxb2 27. Rxf7 Rad8 28. Rb1 1-0


[Site "https://www.chess.com"]

[Event "Titled Tuesday Blitz June 13 Early 2023"]
[White "Rios Escobar, Adan"]
[Black "Kumsiashvili, Nikoloz"]
[WhiteFideId "3403645"]
[BlackFideId "13600621"]
[WhiteElo "2461"]
[BlackElo "2299"]
[Result "0-1"]
[Round "5"]
[TimeControl "180+2"]
[Date "2023.06.13"]
[WhiteClock "0:00:00"]
[BlackClock "0:00:25"]
[Board "101"]

1. d4 Nf6 2. g3 c5 3. d5 b5 4. a4 Bb7 5. Bg2 a6 6. e4 e6 7. axb5 axb5 8. Rxa8 Bxa8 9. c4 bxc4 10. Qa4 Bb7 11. Qxc4 Qa5+ 12. Nc3 Qb4 13. Qe2 Ba6 14. Qc2 d6 15. dxe6 fxe6 16. e5 dxe5 17. Ne2 Be7 18. Bd2 Qg4 19. h3 Qh5 20. Qa4+ Kf7 21. g4 Qg6 22. O-O Rd8 23. Be3 Nd5 24. Re1 Nxe3 25. fxe3 Kg8 26. Ng3 Bh4 27. Nce4 Bd3 28. Kh2 Bxe4 29. Bxe4 Qf7 30. Kg2 Rd2+ 0-1


[Site "https://www.chess.com"]

[Event "Titled Tuesday Blitz June 13 Early 2023"]
[White "Papayan, Oleg"]
[Black "Sourath Biswas"]
[WhiteFideId "4193911"]
[BlackFideId "35091484"]
[WhiteElo "2167"]
[BlackElo "2171"]
[Result "0-1"]
[Round "5"]
[TimeControl "180+2"]
[Date "2023.06.13"]
[WhiteClock "0:00:00"]
[BlackClock "0:00:04"]
[Board "102"]

1. e4 c6 2. Nc3 d5 3. Nf3 Bg4 4. Qe2 e6 5. exd5 cxd5 6. Qb5+ Nd7 7. Qxb7 Bxf3 8. gxf3 Ngf6 9. Nb5 Rc8 10. Nxa7 Rxc2 11. Nc6 Rxc6 12. Qxc6 Bc5 13. Be2 O-O 14. d3 Qa5+ 15. Bd2 Bxf2+ 16. Kxf2 Qxd2 17. Qc3 Qf4 18. Rag1 h5 19. h3 Qh4+ 20. Kf1 Rb8 21. Rg2 d4 22. Qe1 Qf4 23. Bd1 Nd5 24. Rf2 Ne3+ 25. Ke2 Ne5 26. Qd2 Qf5 27. Rhh2 Ng6 28. f4 Nxf4+ 29. Ke1 Nxd3+ 0-1


[Site "https://www.chess.com"]

[Event "Titled Tuesday Blitz June 13 Early 2023"]
[White "Nagare Kaivalya Sandip"]
[Black "Bueno, Alfeu Junior Varela"]
[WhiteFideId "25957929"]
[BlackFideId "2108879"]
[WhiteElo "2024"]
[BlackElo "2175"]
[Result "1-0"]
[Round "5"]
[TimeControl "180+2"]
[Date "2023.06.13"]
[WhiteClock "0:01:57"]
[BlackClock "0:00:06"]
[Board "103"]

1. e4 e6 2. d4 d5 3. Nd2 Nf6 4. e5 Nfd7 5. f4 c5 6. Ngf3 cxd4 7. Bd3 Nc6 8. O-O Be7 9. h4 Nb4 10. g3 Nxd3 11. cxd3 Qb6 12. Nb3 f6 13. exf6 Bxf6 14. Re1 O-O 15. Qe2 Nc5 16. Nxc5 Qxc5 17. b3 Bd7 18. Bb2 Rae8 19. Rac1 Qa5 20. Ne5 Bb5 21. Bxd4 Re7 22. Bc5 Qc7 23. Bxe7 Qxe7 24. Qe3 b6 25. d4 Qd6 26. Qc3 Bd8 27. a4 Bd7 28. Nxd7 Qxd7 29. Qc8 Qxc8 30. Rxc8 Kf7 31. Kf2 Re8 32. Ke3 h6 33. Rec1 g5 34. Ra8 a5 35. Rcc8 Ke7 36. Rxd8 gxf4+ 37. Kxf4 Rxd8 38. Rxd8 Kxd8 39. Ke5 Ke7 40. g4 Kf7 41. g5 hxg5 42. hxg5 Kg6 43. Kxe6 Kxg5 44. Kxd5 Kf5 45. Kc6 Ke4 46. d5 1-0


[Site "https://www.chess.com"]

[Event "Titled Tuesday Blitz June 13 Early 2023"]
[White "Kvaloy, Aksel Bu"]
[Black "Sztokbant, Bernardo Vainzoff"]
[WhiteFideId "1528815"]
[BlackFideId "2115956"]
[WhiteElo "2318"]
[BlackElo "2222"]
[Result "1-0"]
[Round "5"]
[TimeControl "180+2"]
[Date "2023.06.13"]
[WhiteClock "0:00:54"]
[BlackClock "0:00:17"]
[Board "104"]

1. e4 c5 2. Nf3 e6 3. d4 cxd4 4. Nxd4 Nc6 5. Nc3 Qc7 6. Be3 a6 7. g4 b5 8. Nxc6 dxc6 9. Qf3 e5 10. O-O-O Nf6 11. Rg1 h6 12. h4 Be7 13. g5 hxg5 14. hxg5 Nh5 15. g6 Be6 16. Bh3 Nf4 17. Bxe6 fxe6 18. Bxf4 exf4 19. e5 Rf8 20. Ne4 Rd8 21. Rxd8+ Kxd8 22. Rd1+ Kc8 23. Nd6+ Bxd6 24. Rxd6 Kb7 25. Qd3 Kc8 26. Rxe6 Rd8 27. Rd6 Rxd6 28. exd6 Qa5 29. Qf5+ Kb8 30. Qf8+ Ka7 31. Qe7+ Ka8 32. d7 1-0


[Site "https://www.chess.com"]

[Event "Titled Tuesday Blitz June 13 Early 2023"]
[White "UNSTOPPABLE_LEGEND"]
[Black "Moral Garcia, Serafin"]
[BlackFideId "2201925"]
[WhiteElo "2458"]
[BlackElo "2274"]
[Result "1/2-1/2"]
[Round "5"]
[TimeControl "180+2"]
[Date "2023.06.13"]
[WhiteClock "0:00:08"]
[BlackClock "0:00:16"]
[Board "105"]

1. e4 c5 2. c3 Nf6 3. e5 Nd5 4. Nf3 e6 5. d4 cxd4 6. cxd4 d6 7. Bc4 Nc6 8. O-O Be7 9. Qe2 O-O 10. Nc3 Nxc3 11. bxc3 dxe5 12. dxe5 b6 13. Qe4 Bb7 14. Qg4 Kh8 15. Bf4 Qc7 16. Bd3 Rad8 17. Bb1 Na5 18. Qh5 g6 19. Qh6 Bxf3 20. gxf3 Nc4 21. Be4 Nxe5 22. h4 Bf6 23. h5 Bg7 24. Qg5 h6 25. Qg2 f5 26. Bc2 g5 27. Bh2 Qxc3 28. Rac1 Qxf3 29. Bxe5 Qxg2+ 30. Kxg2 Bxe5 31. Rce1 Rd5 32. Bb3 Rc5 33. Bxe6 f4 34. Rc1 Re8 35. Rxc5 bxc5 36. Bc4 Bd4 37. Kf3 Rb8 38. Re1 Rb2 39. Kg4 Kg7 40. Kf5 Kf8 41. f3 Rb6 42. Re6 Rxe6 43. Kxe6 g4 44. fxg4 f3 45. Kf5 Kg7 46. Kf4 f2 47. g5 hxg5+ 48. Kxg5 Be3+ 49. Kg4 Kf6 50. Kf3 Bd4 51. Kg4 Ke5 52. h6 Ke4 53. h7 Ke3 54. Kg3 Bh8 55. Kg2 a5 56. a4 Kd4 57. Bb5 c4 58. Kxf2 c3 59. Ke2 Kc5 60. Kd1 Kb4 61. Kc2 Bg7 62. Be8 Bh8 63. Bd7 Bg7 64. Bc6 Bh8 65. Be8 Bg7 66. Bd7 1/2-1/2


[Site "https://www.chess.com"]

[Event "Titled Tuesday Blitz June 13 Early 2023"]
[White "Vega Gutierrez, Sabrina"]
[Black "Ezat, Mohamed"]
[WhiteFideId "2219026"]
[BlackFideId "10600906"]
[WhiteElo "2209"]
[BlackElo "2372"]
[Result "0-1"]
[Round "5"]
[TimeControl "180+2"]
[Date "2023.06.13"]
[WhiteClock "0:00:00"]
[BlackClock "0:00:30"]
[Board "106"]

1. e4 e5 2. Nf3 Nc6 3. d4 exd4 4. Nxd4 Nf6 5. Nc3 Bb4 6. Nxc6 bxc6 7. Bd3 O-O 8. O-O d5 9. exd5 cxd5 10. Bg5 c6 11. Qf3 h6 12. Bxf6 Qxf6 13. Qxf6 gxf6 14. Ne2 Re8 15. c3 Bf8 16. Nd4 Bb7 17. Rfe1 Re5 18. f4 Ree8 19. Kf1 c5 20. Nf5 Bc6 21. c4 Red8 22. Rad1 Rab8 23. b3 a5 24. cxd5 Rxd5 25. Ne3 Rd4 26. g3 a4 27. Bc4 axb3 28. axb3 Rbd8 29. Ke2 h5 30. Kf2 Be4 31. Ke2 Bd6 32. Kf2 Bc7 33. Be2 Ba5 34. Rg1 Bc3 35. Nc4 Rxd1 36. Rxd1 Bd4+ 37. Kf1 Bc2 38. Rd2 Bxb3 0-1


[Site "https://www.chess.com"]

[Event "Titled Tuesday Blitz June 13 Early 2023"]
[White "Goncalves, Davi Sulzbacher"]
[Black "Ibadov, Dashgyn"]
[WhiteFideId "2154510"]
[BlackFideId "24107514"]
[WhiteElo "2182"]
[BlackElo "2208"]
[Result "0-1"]
[Round "5"]
[TimeControl "180+2"]
[Date "2023.06.13"]
[WhiteClock "0:00:03"]
[BlackClock "0:00:42"]
[Board "107"]

1. e4 e6 2. d4 d5 3. e5 c5 4. c3 Qb6 5. Nf3 Nc6 6. a3 Nh6 7. b4 cxd4 8. cxd4 Nf5 9. Bb2 Be7 10. Bd3 O-O 11. O-O Na5 12. Nbd2 Bd7 13. bxa5 Qxb2 14. Rb1 Qxa3 15. Bxf5 exf5 16. Rxb7 Rfd8 17. Qb3 Qxa5 18. Rc1 Bf8 19. h3 Rac8 20. Rxc8 Bxc8 21. Rb5 Qa1+ 22. Kh2 a5 23. Qc2 Be6 24. Qc7 Rc8 25. Qxa5 Qd1 26. Rxd5 Bxd5 27. Qxd5 f4 28. Ng5 Rc7 29. Ndf3 h6 30. e6 Rc1 31. exf7+ Kh8 0-1


[Site "https://www.chess.com"]

[Event "Titled Tuesday Blitz June 13 Early 2023"]
[White "Lopez, Nelson M, Ii"]
[Black "Perez, Maximiliano"]
[WhiteFideId "2027895"]
[BlackFideId "117234"]
[WhiteElo "2448"]
[BlackElo "2334"]
[Result "0-1"]
[Round "5"]
[TimeControl "180+2"]
[Date "2023.06.13"]
[WhiteClock "0:00:34"]
[BlackClock "0:02:09"]
[Board "108"]

1. e4 c5 2. Nf3 Nc6 3. Bb5 g6 4. O-O Bg7 5. Nc3 Nf6 6. e5 Ng4 7. Bxc6 bxc6 8. Re1 O-O 9. h3 Nh6 10. d3 f6 11. exf6 exf6 12. Bf4 Nf7 13. Ne4 d6 14. Qd2 g5 15. Bh2 h6 16. Ng3 f5 17. d4 g4 18. dxc5 gxf3 19. gxf3 f4 20. Ne4 d5 21. Nc3 Ng5 22. Kh1 Nxf3 23. Qd3 Nxe1 24. Rxe1 Bf5 25. Qf3 Bxc3 26. Qxc3 Be4+ 27. f3 Bg6 28. Rg1 Kh7 29. Qe5 Qf6 30. Qc7+ Rf7 31. Qd6 Qxd6 32. cxd6 Rd8 0-1


[Site "https://www.chess.com"]

[Event "Titled Tuesday Blitz June 13 Early 2023"]
[White "Mrudul Dehankar"]
[Black "robertoalejandro10"]
[WhiteFideId "25096990"]
[WhiteElo "2139"]
[BlackElo "2593"]
[Result "0-1"]
[Round "5"]
[TimeControl "180+2"]
[Date "2023.06.13"]
[WhiteClock "0:00:00"]
[BlackClock "0:00:03"]
[Board "109"]

1. e4 c5 2. Nf3 g6 3. d4 cxd4 4. Qxd4 Nf6 5. Nc3 Nc6 6. Qa4 d6 7. e5 dxe5 8. Nxe5 Bd7 9. Nxd7 Nxd7 10. Be3 Bg7 11. Be2 Nb6 12. Qb3 O-O 13. Rd1 Qc7 14. O-O Na5 15. Qb4 Nac4 16. Bxc4 Qxc4 17. Qxe7 Bxc3 18. bxc3 Nd5 19. Qxb7 Nxe3 20. fxe3 Qxc3 21. Qb3 Rac8 22. Rf2 Rc7 23. Rd3 Qa1+ 24. Rf1 Qe5 25. Rd5 Qe4 26. Rd4 Qxc2 27. Qxc2 Rxc2 28. Ra4 Rc7 29. h3 Rd8 30. Kh2 Rd3 31. Rf3 Rd2 32. Kg3 Rcc2 33. Rxa7 Rxg2+ 34. Kf4 Rxa2 35. Rd7 Rgf2 36. Rd8+ Kg7 37. Kg3 Rxf3+ 38. Kxf3 h5 39. Rd4 Ra6 40. h4 Re6 41. Kg3 Rxe3+ 42. Kf2 Re6 43. Kf3 Kf6 44. Rf4+ Ke7 45. Rb4 f5 46. Kf4 Kf6 47. Kf3 g5 48. hxg5+ Kxg5 49. Rb8 Ra6 50. Rg8+ Rg6 51. Rb8 h4 52. Kg2 Kg4 53. Rb4+ f4 54. Rb3 Rd6 55. Rb2 h3+ 56. Kh2 Re6 57. Rc2 Re4 58. Rc8 Re2+ 59. Kh1 Kf3 60. Rh8 h2 61. Rh3+ Ke4 0-1


[Site "https://www.chess.com"]

[Event "Titled Tuesday Blitz June 13 Early 2023"]
[White "Becerra, Juan David"]
[Black "Kuznetsov, Mikhail"]
[WhiteFideId "4404998"]
[BlackFideId "4117190"]
[WhiteElo "2304"]
[BlackElo "1981"]
[Result "1-0"]
[Round "5"]
[TimeControl "180+2"]
[Date "2023.06.13"]
[WhiteClock "0:00:32"]
[BlackClock "0:00:06"]
[Board "110"]

1. e4 c6 2. c4 d5 3. cxd5 cxd5 4. exd5 Nf6 5. Qa4+ Nbd7 6. Nc3 g6 7. Bc4 Bg7 8. d3 O-O 9. Nf3 Nb6 10. Qb3 Bf5 11. O-O Rc8 12. Re1 Ne8 13. Be3 Nd6 14. Bxb6 axb6 15. Rac1 Bg4 16. Ne5 Bxe5 17. Rxe5 Qc7 18. Rce1 Rfe8 19. h3 Bf5 20. Nb5 Qd7 21. Nxd6 exd6 22. Rxe8+ Rxe8 23. Qd1 Rxe1+ 24. Qxe1 Kg7 25. g4 b5 26. gxf5 bxc4 27. Qc3+ f6 28. Qxc4 Qxf5 29. Qc7+ Kh6 30. Qxd6 Qxd3 31. Qf4+ Kg7 32. d6 g5 33. Qb4 Kg6 34. Qxb7 Qxd6 35. Qe4+ f5 36. Qb7 h5 37. Kg2 g4 38. hxg4 fxg4 39. Qe4+ Kg5 40. Qe3+ Kg6 41. Qe4+ Kg5 42. b4 h4 43. Qe3+ Kh5 44. Qc5+ Qxc5 45. bxc5 Kg5 46. c6 Kf4 47. c7 h3+ 48. Kh2 Kf3 49. c8=Q Kxf2 50. Qxg4 Ke3 51. a4 Kd2 52. a5 Kc3 53. a6 Kb3 54. a7 Kc3 55. a8=Q Kd2 56. Qaf3 Kc1 57. Qg1+ Kc2 58. Qgf2+ Kc1 59. Qh1# 1-0


[Site "https://www.chess.com"]

[Event "Titled Tuesday Blitz June 13 Early 2023"]
[White "Mogirzan, Matei-Valeriu"]
[Black "Dixit, Nikhil"]
[WhiteFideId "1257455"]
[BlackFideId "5059534"]
[WhiteElo "1733"]
[BlackElo "2207"]
[Result "1-0"]
[Round "5"]
[TimeControl "180+2"]
[Date "2023.06.13"]
[WhiteClock "0:01:19"]
[BlackClock "0:00:55"]
[Board "111"]

1. e4 c5 2. Nf3 Nc6 3. Bb5 e6 4. O-O Nge7 5. Nc3 a6 6. Bxc6 bxc6 7. d4 Ng6 8. d5 cxd5 9. exd5 Be7 10. d6 Bf6 11. Ne4 Bb7 12. Nxc5 Bc6 13. Nd4 Qb6 14. Ncb3 a5 15. Be3 a4 16. Nxe6 Qxe3 17. Nc7+ 1-0


[Site "https://www.chess.com"]

[Event "Titled Tuesday Blitz June 13 Early 2023"]
[White "Portela Peleteiro, Alberto"]
[Black "Szyszylo, Rafal"]
[WhiteFideId "22276106"]
[BlackFideId "1109626"]
[WhiteElo "2353"]
[BlackElo "1951"]
[Result "1-0"]
[Round "5"]
[TimeControl "180+2"]
[Date "2023.06.13"]
[WhiteClock "0:00:16"]
[BlackClock "0:00:00"]
[Board "112"]

1. e4 d6 2. d4 g6 3. Nc3 Nf6 4. g3 Bg7 5. Bg2 O-O 6. Nge2 e5 7. O-O Nc6 8. h3 Bd7 9. Be3 exd4 10. Nxd4 Re8 11. Re1 a6 12. Qd2 Rb8 13. f4 Nh5 14. Nde2 b5 15. g4 Nf6 16. Ng3 Bxg4 17. hxg4 Nxg4 18. Nf1 Qh4 19. Rad1 Na5 20. b3 c5 21. Nd5 b4 22. Bf3 Nxe3 23. Nfxe3 Nc6 24. Qh2 Nd4 25. Bg2 Qd8 26. Rd2 f5 27. Nc4 fxe4 28. Rxe4 Rxe4 29. Bxe4 Qe8 30. Qg2 Kh8 31. Nxd6 Qe6 32. Nc4 Re8 33. Bd3 Qe1+ 34. Bf1 Nf5 35. Ne5 Rxe5 36. fxe5 Bxe5 37. Qf2 Bd4 38. Rxd4 Qxf2+ 39. Kxf2 Nxd4 40. Bd3 Kg7 41. Nc7 a5 42. Na6 c4 43. bxc4 Kf6 44. c5 Ke5 45. Ke3 Nc6 46. Be4 Nd8 47. c6 Kd6 48. c7 1-0


[Site "https://www.chess.com"]

[Event "Titled Tuesday Blitz June 13 Early 2023"]
[White "FunnyDuck66"]
[Black "Bodnaruk, Anastasia"]
[BlackFideId "4181751"]
[WhiteElo "2434"]
[BlackElo "2304"]
[Result "0-1"]
[Round "5"]
[TimeControl "180+2"]
[Date "2023.06.13"]
[WhiteClock "0:00:57"]
[BlackClock "0:00:45"]
[Board "113"]

1. d4 Nf6 2. Nf3 g6 3. Bg5 Bg7 4. Nbd2 d5 5. e3 O-O 6. Be2 b6 7. O-O c5 8. c3 Nc6 9. Bb5 Bb7 10. Bxc6 Bxc6 11. b4 cxb4 12. cxb4 Bb5 13. Re1 Ne4 14. Bh4 Rc8 15. a4 Bd3 16. Qb3 Rc3 17. Qb2 Rc2 18. Qb3 Nxd2 19. Qxd3 Nxf3+ 20. gxf3 Rc4 21. b5 Qc7 22. Rec1 Rxc1+ 23. Rxc1 Qxc1+ 24. Kg2 Rc8 25. Bxe7 Qe1 26. Bh4 Rc1 27. Bg3 Qh1+ 28. Kh3 h5 29. Qe2 Bf6 0-1


[Site "https://www.chess.com"]

[Event "Titled Tuesday Blitz June 13 Early 2023"]
[White "Gracia Alvarez, Gerardo Antonio"]
[Black "Shukhman, Anna"]
[WhiteFideId "5109124"]
[BlackFideId "54180058"]
[WhiteElo "2160"]
[BlackElo "2235"]
[Result "0-1"]
[Round "5"]
[TimeControl "180+2"]
[Date "2023.06.13"]
[WhiteClock "0:00:13"]
[BlackClock "0:00:10"]
[Board "114"]

1. d4 Nf6 2. c4 g6 3. Nc3 d5 4. Nf3 Bg7 5. Bf4 O-O 6. Rc1 c6 7. e3 Bf5 8. h3 Nbd7 9. cxd5 cxd5 10. Qb3 Nb6 11. Be2 Rc8 12. Ne5 Ne4 13. O-O Nd2 14. Qa3 Nxf1 15. Bxf1 a6 16. Rd1 Nc4 17. Bxc4 dxc4 18. e4 Bd7 19. d5 b5 20. d6 exd6 21. Rxd6 Rc7 22. Nd5 Ra7 23. Nb6 Bxe5 24. Bxe5 f6 25. Bd4 Rf7 26. Nd5 Qb8 27. Nxf6+ Rxf6 28. Rxf6 b4 29. Bxa7 bxa3 30. Bxb8 axb2 31. Rb6 Bb5 32. a4 b1=Q+ 33. Kh2 Qxe4 34. axb5 axb5 35. f4 c3 36. Be5 c2 37. Rb8+ Kf7 38. Rc8 b4 39. Kg3 b3 40. Rc3 g5 41. h4 Qe1+ 42. Kg4 Qxc3 0-1


[Site "https://www.chess.com"]

[Event "Titled Tuesday Blitz June 13 Early 2023"]
[White "Budrewicz, Krzysztof"]
[Black "Toczek, Grzegorz"]
[WhiteFideId "1127950"]
[BlackFideId "1106457"]
[WhiteElo "2230"]
[BlackElo "2093"]
[Result "1-0"]
[Round "5"]
[TimeControl "180+2"]
[Date "2023.06.13"]
[WhiteClock "0:01:57"]
[BlackClock "0:00:04"]
[Board "115"]

1. d4 Nf6 2. c4 c5 3. d5 e6 4. Nc3 exd5 5. cxd5 d6 6. Nf3 g6 7. Bf4 a6 8. a4 Bg7 9. h3 O-O 10. e3 Re8 11. Nd2 Nbd7 12. Be2 Ne5 13. O-O Nfd7 14. Bh2 f5 15. a5 Nf6 16. Ra3 Nf7 17. Nc4 Ne4 18. Nxe4 Rxe4 19. Bd3 Re8 20. f4 Bd7 21. Bg3 Bb5 22. Bf2 Bxc4 23. Bxc4 Qc7 24. Qb3 Re7 25. Ra2 Rae8 26. Re1 Re4 27. Bd3 Rb4 28. Qc2 Nh6 29. b3 Qe7 30. Bc4 Qf6 31. Re2 Qc3 32. Be1 Qxc2 33. Raxc2 Kf7 34. Bxb4 cxb4 35. Bd3 Re7 36. Rc8 Ng8 37. g4 Nf6 38. gxf5 Nxd5 39. Bc4 Kf6 40. Bxd5 Kxf5 41. Kf2 Bc3 42. Kf3 1-0


[Site "https://www.chess.com"]

[Event "Titled Tuesday Blitz June 13 Early 2023"]
[White "Gavrilov, Maxim"]
[Black "DanyKopy"]
[WhiteFideId "24271454"]
[WhiteElo "1969"]
[BlackElo "2425"]
[Result "1-0"]
[Round "5"]
[TimeControl "180+2"]
[Date "2023.06.13"]
[WhiteClock "0:00:01"]
[BlackClock "0:00:00"]
[Board "116"]

1. d4 Nf6 2. c4 e6 3. Nc3 d5 4. Nf3 Be7 5. cxd5 exd5 6. Bg5 c6 7. e3 O-O 8. Bd3 Re8 9. O-O h6 10. Bf4 Nbd7 11. h3 Nf8 12. Qc2 Ne6 13. Bh2 c5 14. dxc5 Nxc5 15. Nb5 Ne6 16. Nfd4 a6 17. Nxe6 Bxe6 18. Nc7 Rc8 19. Rac1 Bd6 20. Bxd6 Qxd6 21. Nxe8 Rxe8 22. Qc7 Qb4 23. Qc3 Qh4 24. Qd4 Qg5 25. Qf4 Qxf4 26. exf4 d4 27. Rc7 Nd5 28. Rxb7 Nxf4 29. Bxa6 Bd5 30. Rb4 Bxg2 31. Rxd4 Bxf1 32. Bxf1 g5 33. b4 Re1 34. f3 Rb1 35. Kf2 Rb2+ 36. Ke3 Rxa2 37. b5 Rb2 38. Ke4 Kg7 39. Kf5 Rb1 40. Bc4 Rb4 41. Re4 Nxh3 42. Bf1 Rb3 43. Bxh3 Rxb5+ 44. Re5 Rxe5+ 45. Kxe5 Kg6 46. Bf5+ Kg7 47. Bg4 Kg6 48. Bf5+ Kg7 49. Bh3 Kg6 50. Ke4 h5 51. Bf5+ Kf6 52. Bc8 Kg6 53. Ke5 f6+ 54. Ke4 g4 55. f4 g3 56. Bf5+ Kh6 57. Kf3 h4 58. Bh3 Kg6 59. Kg4 1-0


[Site "https://www.chess.com"]